 Dungeon Crawl Stone Soup version 0.30-a0-879-ga8ba668304 (console) character file.

Game seed: 14139083821823506309

60 Abuh the Digger (level 4, -5/24 HPs)
             Began as a Gargoyle Earth Elementalist on Mar 13, 2023.
             Slain by Terence
             ... wielding a +0 flail
              (7 damage)
             ... on level 3 of the Dungeon.
             The game lasted 00:13:27 (1950 turns).

Abuh the Digger (Gargoyle Earth Elementalist)       Turns: 1950, Time: 00:13:28

Health: -5/24      AC:  7    Str: 12    XL:     4   Next: 6%
Magic:  6/8        EV: 12    Int: 17    God:
Gold:   149        SH:  0    Dex: 10    Spells: 4/8 levels left

rFire   . . .      SeeInvis .    f - +0 short sword
rCold   . . .      Faith    .    (no shield)
rNeg    + . .      Spirit   .    a - +0 robe
rPois   ∞          Reflect  .    h - +1 hat
rElec   +          Rampage  .    (no cloak)
rCorr   .                        (no gloves)
Will    .....                    n - +0 pair of boots
Stlth   ++                       (no amulet)
HPRegen 0.24/turn                (no ring)
MPRegen 0.11/turn                (no ring)

@: no status effects
A: sickness immunity, AC +3, negative energy resistance 1, electricity
resistance, torment resistance 1, petrification resistance
a: no special abilities


You were on level 3 of the Dungeon.
You visited 1 branch of the dungeon, and saw 3 of its levels.

You collected 149 gold pieces.

Inventory:

Hand Weapons
 f - a +0 short sword (weapon)
Missiles
 g - 25 stones
Armour
 a - a +0 robe (worn)
 h - a +1 hat (worn)
 n - a +0 pair of boots (worn)
Scrolls
 c - a scroll of noise {unknown}
 d - a scroll of poison {unknown}
 e - 2 scrolls of blinking {unknown}
 k - a scroll of vulnerability {unknown}
 o - a scroll of enchant armour {unknown}
 p - a scroll of immolation
Potions
 b - a potion of magic
 i - a potion of brilliance {unknown}
 j - 4 potions of curing {unknown}
 l - a potion of heal wounds {unknown}
 m - a potion of attraction {unknown}
 q - a potion of mutation {unknown}
 r - a potion of haste {unknown}


   Skills:
 + Level 2.2 Dodging
 - Level 2.1 Stealth
 * Level 2.9 Spellcasting
 - Level 0.7 Transmutations
 + Level 4.3 Earth Magic


You had 4 spell levels left.
You knew the following spells:

 Your Spells              Type           Power      Damage    Failure   Level
a - Sandblast             Erth           34%        2d9       3%          1
b - Stone Arrow           Conj/Erth      18%        3d8       22%         3

Your spell library contained the following spells:

 Spells                   Type           Power      Damage    Failure   Level
 Passwall                 Tmut/Erth      9%         N/A       10%         2
 Gell's Gravitas          Tloc           2%         N/A       47%         3
 Teleport Other           Tloc           2%         N/A       47%         3
 Petrify                  Tmut/Erth      11%        N/A       52%         4
 Dispersal                Tloc           1%         N/A       100%        6


Dungeon Overview and Level Annotations

Branches:
Dungeon (3/15)

Altars:

Shops:
D:1 *   D:2 ?

Annotations:
D:3 Terence


Innate Abilities, Weirdness & Mutations

You are immune to sickness and miasma.
Your stone body is resilient. (AC +3)
You are immune to poison.
You resist negative energy. (rN+)
You are resistant to electric shocks. (rElec)
You are resistant to unholy torment.
You are immune to petrification.


Message History

Aiming: Sandblast (safe; 3% risk of failure)
Press: ? - help, Q - select action, (/) - cycle Shift-Dir - straight line, f/p - Terence
Aim: Terence, wielding a +0 flail and wearing a +0 chain mail (heavily wounded, 87% to hit)
The blast of sand hits Terence but does no damage.
Terence is heavily wounded.
Terence hits you but does no damage.
Terence screams, "I'm going to kill you!"
Terence hits you with a +0 flail.
* * * LOW HITPOINT WARNING * * *
Your magical contamination has completely faded away.
Aiming: Sandblast (safe; 3% risk of failure)
Press: ? - help, Q - select action, (/) - cycle Shift-Dir - straight line, f/p - Terence
Aim: Terence, wielding a +0 flail and wearing a +0 chain mail (heavily wounded, 87% to hit)
The blast of sand hits Terence.
Terence is heavily wounded.
Terence barely misses you.
Aiming: Sandblast (safe; 3% risk of failure)
Press: ? - help, Q - select action, (/) - cycle Shift-Dir - straight line, f/p - Terence
Aim: Terence, wielding a +0 flail and wearing a +0 chain mail (heavily wounded, 87% to hit)
You miscast Sandblast.
You are very lightly contaminated with residual magic.
Nothing appears to happen.
Terence hits you with a +0 flail.
* * * LOW HITPOINT WARNING * * *
Aiming: Sandblast (safe; 3% risk of failure)
Press: ? - help, Q - select action, (/) - cycle Shift-Dir - straight line, f/p - Terence
Aim: Terence, wielding a +0 flail and wearing a +0 chain mail (heavily wounded, 87% to hit)
The blast of sand hits Terence but does no damage.
Terence is heavily wounded.
Terence hits you with a +0 flail.
* * * LOW HITPOINT WARNING * * *
Terence closely misses you.
Your magical contamination has completely faded away.
Terence attacks as you move away! Terence barely misses you.
Terence attacks as you move away! Terence hits you with a +0 flail.
* * * LOW HITPOINT WARNING * * *
Terence attacks as you move away! Terence barely misses you.
Terence attacks as you move away! Terence hits you but does no damage.
Terence attacks as you move away! Terence hits you with a +0 flail!
You die...

.. #.# ### ####.### #.. #......## #.#
#.......# ##########.# .###.......# #
#####.......##.## ...........##.#
#######.....##......<.###.##...........#
#.......###.##.##.##......###....)..####
#.#####.#......##.###.##### #.......#
#.##......#.#####.....# #.......#
#.#...#.....#####..#### ####.####
#..###..###........# #...# ##.# #.##
########.# #...# #.###.# #.# #...# .
####....## #.# #####...#.... #......##
...##.########............ #.##.#.#
.......@@................. #.##.#.#
...##..###.#.#............. #.#..>.#
#......#.#####...#..... #.##.#.#
#..##..#.# #...#..... #......#
#......#.# #...####.# ####.### #########
##.......# #...# #.#
#.......#######.#### ##.## #.#
#.......#...###.######
#.#####.#####..###.##......#
#.....................####<#
#######.#####..###.##.#
#.......#...###.# ############# #.# #..
###


You could see Terence.

Vanquished Creatures
  An adder (D:2)
  A worm (D:2)
  3 dart slugs (D:2)
  5 endoplasms
  A giant cockroach (D:2)
  6 goblins
  2 hobgoblins (D:1)
  4 kobolds
  2 quokkas (D:2)
  2 ball pythons (D:2)
  6 bats
  3 frilled lizards
  5 rats
41 creatures vanquished.

Notes
Turn   | Place    | Note
-------+----------+-------------------------------------------
     0 | D:1      | Abuh the Gargoyle Earth Elementalist began the quest for
                  | the Orb.
     0 | D:1      | Reached XP level 1. HP: 10/10 MP: 3/3
   151 | D:1      | Found a faded altar of an unknown god.
   254 | D:1      | Reached XP level 2. HP: 15/15 MP: 1/5
   411 | D:1      | Found Oggiog's General Store.
   626 | D:1      | Reached skill level 4 in Earth Magic
  1020 | D:2      | Reached XP level 3. HP: 19/19 MP: 3/6
  1233 | D:2      | Found Hoatuihi's Magic Scroll Shop.
  1606 | D:2      | Reached XP level 4. HP: 24/24 MP: 6/8
  1820 | D:3      | Learned a level 3 spell: Stone Arrow
  1919 | D:3      | Identified the +1 sling "Buymisch" {drain, rElec Str+2
                  | Int-4}
  1919 | D:3      | Noticed Terence
  1946 | D:3      | HP: 1/24 [Terence/+0 flail (5)]
  1950 | D:3      | Slain by Terence

Illustrated notes

Levels and vault maps discovered:
D:1:      dpeg_arrival_more_subterranean_lakeside_camping, layout_basic,
          serial_shops, nicolae_shop_trees, hellmonk_ecumenical_altar_blasted
D:2:      layout_basic, serial_shops, nicolae_square_shop,
          minmay_misc_feat_rugged
D:3:      layout_loops_cross, uniq_terence, uniq_sigmund, uniq_robin

Skill      XL: |  1  2 |
---------------+-------+-----
Earth Magic    | 4 |  4.3
Dodging        | 2 |  2.2
Stealth        | |  2.1
Spellcasting   | |  2.9
Transmutations | |  0.7

Action                     |  1- 3 |  4- 6 || total
---------------------------+-------+-------++-------
   Cast: Sandblast         |    51 |     9 ||    60
         Stone Arrow       |       |     1 ||     1
    Use: Potion            |       |     1 ||     1
 Armour: Robe              |     1 |     5 ||     6
  Dodge: Dodged            |     9 |     5 ||    14

Table legend: (Time is in decaauts)
 A = Elapsed time spent in this place.
 B = Non-inter-level travel time spent in this place.
 C = Inter-level travel time spent in this place.
 D = Time resting spent in this place.
 E = Time spent auto-exploring this place.
 F = Levels seen in this place.
 G = Mean time per level.
                   A        B        C        D        E       F      G
               +--------+--------+--------+--------+--------+-----+--------+
         Total |   1979 |   1890 |     89 |    401 |   1098 |   3 |  659.7 |
       Dungeon |   1979 |   1890 |     89 |    401 |   1098 |   3 |  659.7 |
               +--------+--------+--------+--------+--------+-----+--------+

Top non-repeatable levels by time:
     D:2: 966 daAuts
     D:1: 875 daAuts
     D:3: 137 daAuts
